Map: Zen LE

Players

Nigrnog - Winner!

  • Race: Zerg Zerg
  • League: Silver
  • Spawn Location: 1:00

MooEsqoo

  • Race: Zerg Zerg
  • Spawn Location: 7:00

VOD

Have the link to the VOD?

Description

Time

  • Played on: Dec. 21, 2019, 12:33 p.m.
  • Length: 5:55
Show
View Real Time Build Order
Export as new Build Order

Nigrnog Zerg - Winner!

Build Orders: Hatch First 

Get SALT Encoding   

  12  0:01  Drone  
  13  0:12  Overlord  
  13  0:20  Drone  
  14  0:31  Drone x2  
  16  0:51  Hatchery  
  16  0:54  Drone  
  16  1:04  Drone x2, Extractor  
  16  1:07  Drone  
  18  1:21  Drone  
  19  1:27  Spawning Pool  
  19  1:30  Drone  
  19  1:42  Drone  
  20  1:50  Drone  
  21  2:01  Drone, Evolution Chamber  
  21  2:08  Extractor  
  20  2:15  Zergling x2  
  21  2:17  Queen  
  21  2:19  Queen  
  21  2:21  Drone x2  
  27  2:24  Zergling x2  
  27  2:28  Metabolic Boost  
  28  2:36  Overlord  
  28  2:50  Overlord x2  
  28  3:01  Lair  
  28  3:08  Zergling x6  
  28  3:09  Zergling x2  
  32  3:19  Drone x2  
  34  3:28  Zergling x4  
  34  3:29  Zergling x2  
  34  3:30  Zergling x4  
  37  3:48  Zergling x2  
  37  3:49  Zergling x8  
  40  3:59  Zergling x4  
  40  4:05  Zergling x2  
  41  4:14  Zergling x2  
  39  4:32  Drone x4  
  43  4:50  Zergling x6  
  46  4:52  Hatchery  
  46  4:57  Roach Warren  
  44  5:03  Zergling x12  
  44  5:04  Zergling x2  
  51  5:12  Evolution Chamber  
  50  5:15  Zergling x4  
  52  5:33  Zergling x4  
  52  5:34  Zergling x6  
  51  5:35  Zergling x2  
Show
View Real Time Build Order
Export as new Build Order

MooEsqoo Zerg 

Build Orders: Hatch First 

Get SALT Encoding   

  12  0:03  Drone  
  13  0:17  Drone  
  13  0:18  Overlord  
  14  0:40  Drone x3  
  17  1:00  Hatchery  
  17  1:01  Extractor  
  17  1:02  Drone x2  
  17  1:17  Spawning Pool  
  16  1:19  Drone  
  17  1:25  Drone  
  18  1:34  Drone  
  19  1:47  Drone  
  20  1:56  Overlord  
  20  2:03  Queen  
  22  2:14  Zergling x4  
  24  2:16  Metabolic Boost  
  24  2:19  Zergling x2  
  25  2:38  Hatchery  
  24  2:49  Drone x3  
  24  2:50  Drone  
  28  2:54  Drone x2  
  30  3:02  Queen  
  32  3:10  Drone x2  
  34  3:20  Zergling x4  
  36  3:32  Overlord x2  
  36  3:54  Zergling x8, Drone  
  36  3:55  Drone  
  38  4:27  Drone x2  
  38  4:28  Zergling x6, Drone  
  44  4:31  Hatchery  
  44  4:36  Roach Warren  
  42  4:39  Baneling Nest  
  41  4:53  Zergling x2, Drone x3  
  45  5:05  Extractor x2  
  38  5:37  Zergling x10  
  38  5:38  Zergling x6  
Tags
 
League
Silver
Matchup
ZvZ
Race
Zerg
Spawn Locations
Cross Positions
Add a new tag
Caveats
  • Supply blocks, unpowered buildings, or Contaminate may cause inaccurate times.
  • Supply counts are checked every 10 seconds.